 Dungeon Crawl Stone Soup version 0.24.0-10-g970556be89 (webtiles) character file.

Game seed: 14408184788117661361, levelgen mode: deterministic

13 Esekla the Grave Robber (level 2, -1/12 HPs)
             Began as a Felid Necromancer on Nov 3, 2019.
             Slain by a rat (2 damage)
             ... on level 1 of the Dungeon.
             The game lasted 00:03:04 (261 turns).

Esekla the Grave Robber (Felid Necromancer)          Turns: 261, Time: 00:03:05

Health: -1/12      AC:  1    Str:  4    XL:     2   Next: 24%
Magic:  1/6        EV: 18    Int: 16    God:
Gold:   18         SH:  0    Dex: 16    Spells: 4/5 levels left
                                        Lives:  0   Deaths: 0

rFire    . . .     SeeInvis +   (weapon unavailable)
rCold    . . .     Gourm    .   (shield unavailable)
rNeg     . . .     Faith    .   (armour unavailable)
rPois    .         Spirit   .   (helmet unavailable)
rElec    .         Reflect  .   (cloak unavailable)
rCorr    .         Harm     .   (gloves unavailable)
MR       .....                  (boots unavailable)
Stlth    +++.......             (no amulet)
HPRegen  0.04/turn              (no ring)
MPRegen  0.10/turn              (no ring)

@: quick
A: very small, no armour, no weapons or thrown items, stealth, claws 1, fangs 3,
see invisible, carnivore, speed 1, shaggy fur 1, slow metabolism 1, sharp paws
a: no special abilities


You were on level 1 of the Dungeon.
You were not hungry.

You visited 1 branch of the dungeon, and saw 1 of its levels.

You collected 18 gold pieces.

Inventory:

Scrolls
 c - a scroll of identify {unknown}
Potions
 a - a potion of curing {unknown}
 d - a potion of degeneration {unknown}
Comestibles
 b - a ration


   Skills:
 * Level 1.0 Fighting
 * Level 3.0 Dodging
 + Level 2.9 Stealth
 * Level 0.5 Unarmed Combat
 + Level 2.0 Spellcasting
 - Level 4.0 Necromancy


You had 4 spell levels left.
You knew the following spells:

 Your Spells              Type           Power        Failure   Level  Hunger
a - Pain                  Necr           ##..         4%          1    #......

Your spell library contained the following spells:

 Spells                   Type           Power        Failure   Level  Hunger
 Animate Skeleton         Necr           N/A          4%          1    #......
 Vampiric Draining        Necr           ##........   12%         3    ###....
 Regeneration             Chrm/Necr      #.........   26%         3    ###....
 Animate Dead             Necr           N/A          36%         4    #####..


Dungeon Overview and Level Annotations

Branches:
Dungeon (1/15)

Altars:


Innate Abilities, Weirdness & Mutations

You cannot wear armour.
You are incapable of wielding weapons or throwing items.
Your paws allow you to move quietly. (Stealth)
You have sharp claws.
You have razor-sharp teeth.
You have supernaturally acute eyesight. (SInv)
You are carnivorous and can eat meat at any time.
You cover ground quickly.
You are covered in fur. (AC +1)
You have a slow metabolism.
Your sharp claws are effective at attacking unaware monsters.


Message History

Confirm with . or Enter, or press ? or * to list all spells.
Aiming: Pain (safe; 4% risk of failure)
Press: ? - help, Shift-Dir - straight line, f/p - hobgoblin
Aim: a hobgoblin, wielding a +0 club (almost dead, chance to defeat MR: 85%)
The hobgoblin writhes in agony.
You kill the hobgoblin!
A kobold comes into view. It is wielding a +0 dagger.
A goblin comes into view.
The rat twitches its whiskers.
The rat closely misses you.
You barely miss the rat.
The rat twitches its whiskers.
The rat misses you.
You scratch the rat.
The rat is heavily wounded.
The rat closely misses you.
You scratch the rat but do no damage.
The rat is heavily wounded.
The rat bites you.
You die...

...#K ..$.. ...
..! #########K#
##...##.<#.#
##.##....##.#
#..##..###..#
..
###..######..@#
. ####......#
#.#r# ##..###
#....###...#
#.#.# #.....$
##..### ##.#
#.#.# ......
......##
..##)#.# #..#.#
.####..#
..#.#.# #..#).
## #..###
##...# #..#†#
#####...###
##..# ####..#.#
....##..#.#
#..# #........


You could see a kobold and a rat.

Vanquished Creatures
  A bat (D:1)
  A goblin (D:1)
  3 hobgoblins (D:1)
  5 kobolds (D:1)
  2 rats (D:1)
12 creatures vanquished.

Notes
Turn   | Place    | Note
-------+----------+-------------------------------------------
     0 | D:1      | Esekla the Felid Necromancer began the quest for the Orb.
     0 | D:1      | Reached XP level 1. HP: 7/7 MP: 4/4
   192 | D:1      | Reached XP level 2. HP: 10/12 MP: 6/6
   201 | D:1      | Reached skill level 1 in Fighting
   261 | D:1      | Slain by a rat

Levels and vault maps discovered:
D:1:      lemuel_arrival_tunnels, layout_basic

Skill      XL: |  1  2 |
---------------+-------+-----
Fighting       | 1 |  1.0
Dodging        | 3 |  3.0
Stealth        | |  2.9
Unarmed Combat | |  0.5
Spellcasting   | |  2.0
Necromancy     | |  4.0

Action                   || total
-------------------------++-------
Melee: Unarmed           ||    27
       Bite              ||     2
 Cast: Pain              ||    10
 Stab: Sleeping          ||     3
Armor: Skin              ||     2
Dodge: Dodged            ||    19
